 Dungeon Crawl Stone Soup version 0.24-a0-537-g2d01d4ab0a (webtiles) character file.

Game seed: 8527744948085608208

431 GameOver the Sneak (level 7, -3/55 HPs)
             Began as a Naga Wizard on Aug 13, 2019.
             Slain by an orc
             ... wielding a +0 short sword of electrocution
              (13 damage)
             ... on level 4 of the Dungeon.
             The game lasted 00:13:38 (2556 turns).

GameOver the Sneak (Naga Wizard)                    Turns: 2556, Time: 00:13:38

Health: -3/55      AC:  3    Str:  9    XL:     7   Next: 0%
Magic:  2/11       EV: 10    Int: 21    God:
Gold:   126        SH:  0    Dex:  9    Spells: 6/12 levels left

rFire    . . .     SeeInvis +   k - +0 quarterstaff
rCold    . . .     Gourm    .   (shield currently unavailable)
rNeg     . . .     Faith    +   a - +0 robe
rPois    +         Spirit   .   b - +0 hat
rElec    .         Reflect  .   (no cloak)
rCorr    .         Harm     .   (no gloves)
MR       .....                  (no barding)
Stlth    +++.......             c - amulet of faith
HPRegen  0.18/turn              (no ring)
MPRegen  0.12/turn              (no ring)

@: short of breath, very slow
A: large, see invisible, deformed body, poison resistance, slowness 2, slow
metabolism 1, spit poison 1, AC +2
a: Spit Poison


You were on level 4 of the Dungeon.
You were not hungry.

You visited 1 branch of the dungeon, and saw 6 of its levels.

You collected 126 gold pieces.

Inventory:

Hand Weapons
 k - a +0 quarterstaff (weapon)
 o - a +0 long sword
 q - a +0 hunting sling
 s - a +0 spear
 w - a +1 short sword of venom
Missiles
 m - 39 sling bullets
Armour
 a - a +0 robe (worn)
 b - a +0 hat (worn)
 y - a +0 buckler
Magical Staves
 p - an uncursed staff of poison
Jewellery
 c - an amulet of faith (around neck)
 u - a +5 ring of intelligence {unknown}
Wands
 r - a wand of flame (21)
Scrolls
 e - a scroll of remove curse
 g - a scroll of identify
 h - 2 scrolls of magic mapping
 i - 2 scrolls of teleportation
 j - a scroll of fear {unknown}
 x - a scroll of noise {unknown}
Potions
 l - a potion of heal wounds
 n - 2 potions of brilliance {unknown}
 t - a potion of might
 v - a potion of mutation {unknown}
Comestibles
 d - 7 rations
 f - 4 chunks of flesh


   Skills:
 - Level 1.5 Dodging
 + Level 5.6 Stealth
 - Level 3.0 Spellcasting
 * Level 5.4 Conjurations
   Level 1.0 Summonings
 - Level 1.0 Translocations
 + Level 3.7 Poison Magic


You had 6 spell levels left.
You knew the following spells:

 Your Spells              Type           Power        Failure   Level  Hunger
a - Magic Dart            Conj           ####         1%          1    None
b - Blink                 Tloc           N/A          13%         2    ##.....
d - Mephitic Cloud        Conj/Pois/Air  ###.....     12%         3    ###....

Your spell library contained the following spells:

 Spells                   Type           Power        Failure   Level  Hunger
 Call Imp                 Summ           #.......     13%         2    ##.....
 Conjure Flame            Conj/Fire      ##......     13%         3    ###....
 Slow                     Hex            #.......     21%         2    ##.....


Dungeon Overview and Level Annotations

Branches:
Dungeon (6/15)
 Temple: D:4-7

Altars:
Ashenzari
Hepliaklqana
Nemelex Xobeh
Qazlal
Ru


Innate Abilities, Weirdness & Mutations

You cannot wear boots.
Your serpentine skin is tough. (AC +2)
You have supernaturally acute eyesight. (SInv)
Armour fits poorly on your strangely shaped body.
Your system is resistant to poisons. (rPois)
You cover ground very slowly.
You have a slow metabolism.
You can spit poison.


Message History

Aim: an orc, wielding a +0 short sword and wearing a +0 scale mail The splash of poison hits the orc.
The orc is lightly wounded.
You feel slightly more hungry. The orc hits you but does no damage.
You are electrocuted!
* * * LOW HITPOINT WARNING * * *
Unknown command.
Casting: Mephitic Cloud (safe; 12% risk of failure)
Confirm with . or Enter, or press ? or * to list all spells.
Aiming: Mephitic Cloud (safe; 12% risk of failure)
Press: ? - help, Shift-Dir - straight line, f/p - orc
Aim: an orc, wielding a +0 short sword and wearing a +0 scale mail The ball explodes into a vile cloud!
The stinking cloud engulfs the orc but does no damage.
The stinking cloud engulfs you but does no damage.
The stinking cloud engulfs the orc but does no damage.
The orc is engulfed in noxious fumes.
The orc appears confused.
The orc is engulfed in noxious fumes.
The orc appears confused.
The orc hits you but does no damage.
You are electrocuted!
You die...

.......#.#.§.§§§§≈§≈..####.# #.#
......÷#.#.§≈§≈≈§§§........# ###
.......#.#.§§..≈.§......##.#
#......#.##.####.#......##.#
.................#......+..#
##################......#########
#...#............................
#...#.###########################
##..#.# #.......@.#..............
....#.# #.......#o#.#############
###.#.# #.......#○#.#...
#.#.#.###.......#o#.#.###.#
#.....÷.........#)).......#
#.#.#...........###.#.#####
#.#.#...........# #o#'#
#.#.#........#### .....
#.#.........## ....%..


You could see 2 orcs.

Vanquished Creatures
  A scorpion (D:4)
  2 howler monkeys (D:4)
  2 orc priests
  A hound (D:4)
  A bullfrog skeleton (D:4)
  An iguana (D:4)
  2 worker ants
  5 adders
  An ooze (D:1)
  An adder skeleton (D:4)
  2 worms
  2 leopard geckos
  6 orcs
  2 bats
  5 giant cockroaches
  11 goblins
  5 hobgoblins
  4 jackals (D:3)
  2 quokkas
  A ball python (D:1)
  5 frilled lizards
  2 kobolds
  2 rats
66 creatures vanquished.

Notes
Turn   | Place    | Note
-------+----------+-------------------------------------------
     0 | D:1      | GameOver the Naga Wizard began the quest for the Orb.
     0 | D:1      | Reached XP level 1. HP: 15/15 MP: 4/4
   258 | D:1      | Reached XP level 2. HP: 22/22 MP: 0/6
   924 | D:2      | Found a shattered altar of Ashenzari.
   961 | D:2      | Reached XP level 3. HP: 27/28 MP: 2/7
   965 | D:2      | Learned a level 2 spell: Blink
   969 | D:2      | Learned a level 3 spell: Mephitic Cloud
  1346 | D:2      | Reached skill level 1 in Poison Magic
  1346 | D:2      | Reached XP level 4. HP: 36/36 MP: 8/8
  1789 | D:3      | Found a sacrificial altar of Ru.
  1857 | D:3      | Found a hazy altar of Hepliaklqana.
  1962 | D:3      | Found a sparkling altar of Nemelex Xobeh.
  1980 | D:3      | Reached XP level 5. HP: 42/42 MP: 5/9
  2273 | D:4      | You fall into a shaft and drop 2 floors!
  2297 | D:5      | Entered Level 5 of the Dungeon
  2329 | D:4      | Reached XP level 6. HP: 49/49 MP: 7/10
  2341 | D:4      | Reached skill level 5 in Stealth
  2373 | D:4      | Found a stormy altar of Qazlal.
  2468 | D:4      | Reached skill level 5 in Conjurations
  2554 | D:4      | Reached XP level 7. HP: 25/55 MP: 5/11
  2556 | D:4      | Slain by an orc

Levels and vault maps discovered:
D:1:      saegor_arrival_simple_c, layout_basic
D:2:      layout_loops_ring, ashenzari_altar_1, first_ration
D:3:      layout_loops_ring, lemuel_doored_altar, old_standard_altar,
          overflow_temple_1_default
D:4:      layout_basic, nicolae_qazlal_general_emergency,
          makhleb_heckhound_becter
D:5:      layout_basic, zin_statuary, slow_altar_2, kennysheep_mini_moat
D:6:      layout_loops_ring, nicolae_overflow_crystal_walls,
          gammafunk_ghost_stat_death

Skill      XL: |  1  2  3  4  5  6 |
---------------+-------------------+-----
Conjurations   | 2 3 4 5 |  5.4
Poison Magic   | 1 2 3 |  3.7
Stealth        | 4 5 |  5.6
Dodging        | |  1.5
Spellcasting   | |  3.0
Summonings     | |  1.0
Translocations | |  1.0

Action                   |  1- 3 |  4- 6 |  7- 9 || total
-------------------------+-------+-------+-------++-------
Melee: Dagger            |     1 |       |       ||     1
       Short sword       |       |    12 |       ||    12
       Quarterstaff      |       |    23 |       ||    23
 Cast: Magic Dart        |    30 |    49 |       ||    79
       Mephitic Cloud    |       |     4 |     1 ||     5
 Abil: Spit Poison       |    29 |    35 |     1 ||    65
  Use: Scroll            |       |     6 |       ||     6
 Stab: Sleeping          |       |     1 |       ||     1
  Eat: Chunk             |     2 |     6 |       ||     8
Armor: Robe              |     2 |    10 |     1 ||    13
Dodge: Dodged            |     5 |    18 |       ||    23

Table legend:
 A = Non-vault XP
 B = Vault XP
 C = Vault XP percentage of total XP
 D = Non-vault monster count
 E = Vault monster count
 F = Vault count percentage of total count
                 A         B        C        D         E       F
            +---------+---------+-------+---------+---------+-------
      Total |     617 |       0 |   0.0 |      66 |       0 |   0.0
            +---------+---------+-------+---------+---------+-------
        D:1 |      29 |       0 |   0.0 |      15 |       0 |   0.0
        D:2 |      63 |       0 |   0.0 |      20 |       0 |   0.0
        D:3 |      78 |       0 |   0.0 |      14 |       0 |   0.0
        D:4 |     413 |       0 |   0.0 |      16 |       0 |   0.0
        D:6 |      34 |       0 |   0.0 |       1 |       0 |   0.0
            +---------+---------+-------+---------+---------+-------
